 Dungeon Crawl Stone Soup version 0.32-a0-921-g04a7ad8e02 (webtiles) character file.

Game seed: 6640765599487445737

3197 Armakuni the Prestidigitator (level 9, 0/59 HPs)
             Began as a Human Artificer on Apr 11, 2024.
             Was a Believer of Elyvilon.
             Slain by a meliai
             ... wielding a +0 hand axe
              (1 damage)
             ... on level 7 of the Dungeon.
             The game lasted 00:15:22 (5762 turns).

Armakuni the Prestidigitator (Human Artificer)      Turns: 5762, Time: 00:15:23

Health: 0/59       AC:  8    Str: 15    XL:     9   Next: 96%
Magic:  9/9        EV: 10    Int: 13    God:    Elyvilon [**....]
Gold:   244        SH:  0    Dex: 20    Spells: 8/8 levels left

rFire   + . .        b - +0 lajatang
rCold   + . .        (shield currently unavailable)
rNeg    . . .        k - +1 leather armour of Lochoadgh {rF+ rC+}
rPois   .            o - +0 helmet
rElec   .            h - scarf {+Inv}
rCorr   .            (no gloves)
SInv    .            e - +2 pair of boots {Stlth+}
Will    +....        (no amulet)
Stlth   +++          W - ring of willpower
HPRegen 0.29/turn    D - +6 ring of dexterity
MPRegen 0.11/turn

%: no passive effects
@: no status effects
A: explore regen
a: Renounce Religion, Evoke Invisibility, Purification, Heal Other


You were on level 7 of the Dungeon.
You worshipped Elyvilon.
Elyvilon was pleased with you.
You visited 2 branches of the dungeon, and saw 9 of its levels.

You collected 244 gold pieces.

Inventory:

Hand Weapons
 a - a +0 whip of venom
 b - a +0 lajatang (weapon)
 y - a +1 hand axe of flaming
Missiles
 z - 6 curare-tipped darts
Armour
 d - +0 steam dragon scales
 e - a +2 pair of boots of stealth (worn)
 h - a scarf of invisibility (worn)
 k - the +1 leather armour of Lochoadgh (worn) {rF+ rC+}
   (You found it on level 2 of the Dungeon)

   rF+:       It protects you from fire.
   rC+:       It protects you from cold.
 o - a +0 helmet (worn)
 r - a +0 cloak
 u - an orb of mayhem
Magical Staves
 c - a staff of fire
 s - a staff of alchemy
Jewellery
 D - a +6 ring of dexterity (right hand)
 W - a ring of willpower (left hand)
Wands
 j - a wand of iceblast (5)
 l - a wand of light (7)
 v - a wand of flame (5) (quivered)
Scrolls
 i - 3 scrolls of poison
 m - a scroll of torment
 n - 4 scrolls of teleportation
Potions
 f - 2 potions of curing
 g - 2 potions of heal wounds {unknown}
 p - 3 potions of enlightenment {unknown}
 q - a potion of haste {unknown}
 w - a potion of resistance {unknown}
 x - 2 potions of ambrosia {unknown}
 A - a potion of magic {unknown}


   Skills:
 - Level 1.0 Fighting
 - Level 2.0(6.3) Maces & Flails
 + Level 9.5(9.7) Staves
 - Level 2.0 Armour
 - Level 1.0 Dodging
 - Level 1.0 Stealth
 - Level 10.0 Evocations


You had 8 spell levels left.
You didn't know any spells.
Your spell library contained the following spells:

 Spells                   Type           Power      Damage    Failure   Level
 Shock                    Conj/Air       0%         1d3       36%         1
 Call Canine Familiar     Summ           0%         N/A       75%         3
 Inner Flame              Hex/Fire       0%         N/A       75%         3
 Sigil of Binding         Hex            0%         N/A       75%         3
 Stone Arrow              Conj/Erth      0%         3d7       75%         3
 Swiftness                Air            0%         N/A       75%         3
 Airstrike                Air            0%         2d(0-16)  98%         4
 Animate Armour           Summ/Erth      0%         N/A       98%         4
 Dimensional Bullseye     Hex/Tloc       0%         N/A       98%         4
 Irradiate                Conj/Alch      0%         3d11      100%        5
 Ignition                 Fire           0%         3d3       100%        8
 Lehudib's Crystal Spear  Conj/Erth      0%         10d2      100%        8


Dungeon Overview and Level Annotations

Branches:
Dungeon (8/15)             Temple (1/1) D:6
   Lair: D:8-11

Altars:
Cheibriados
Dithmenos
Elyvilon
Fedhas
Gozag
Hepliaklqana
Kikubaaqudgha
Nemelex Xobeh
Okawaru
Qazlal
Ru
Trog
Uskayaw
Vehumet
Wu Jian
Xom
Yredelemnul
Zin
The Shining One

Annotations:
D:3 Sigmund


Innate Abilities, Weirdness & Mutations

You regain HP and MP as you explore.


Message History

Okay, then.
Unknown command.
Aiming: Iceblast
Press: ? - help, Shift-Dir - straight line The mass of ice explodes!
The iceblast engulfs the meliai!!
You kill the meliai!
The meliai hits you but does no damage. The meliai stings you!
* * * LOW HITPOINT WARNING * * *
The meliai calls down the wrath of its god upon you.
Something smites you!
* * * LOW HITPOINT WARNING * * *
Your life force feels restored.
Your Staves skill increases to level 9!
You feel better.
The meliai invokes the aid of its god against you.
Something smites you! Elyvilon protects you from harm!
The meliai hits you with a +0 hand axe.
* * * LOW HITPOINT WARNING * * *
The meliai barely misses you.
Press: ? - help, Dir - move target, f - meliai Heal: a meliai, wielding a +0 hand axe and wearing a +0 robe (uninterested)
Aiming: Iceblast
Press: ? - help, Shift-Dir - straight line The mass of ice explodes!
The iceblast engulfs the meliai!
The meliai is severely wounded.
The meliai hits you with a +0 hand axe! Elyvilon protects you from harm!
The meliai stings you.
* * * LOW HITPOINT WARNING * * *
You are lethally poisoned!
The meliai poisons you! The meliai misses you.
The meliai stings you but does no damage.
Okay, then.
You feel better. The meliai hits you with a +0 hand axe.
* * * LOW HITPOINT WARNING * * *
The meliai barely misses you. The meliai hits you with a +0 hand axe.
* * * LOW HITPOINT WARNING * * *
The meliai stings you.
You die...

### #........## ##...## #.
..###
##.........####....####.
....##
#............###....##.#
.....# ##............#
##....... .....#
#............## #.....#.
....## ##............#
##...... ....#
#............## ##......
...## #............#
###....... .<.#
##........@)..####...#...##
...#
#.........y.....).#####..##
..## #..........#...####
##..# #..# #.........##.###
##.# ##.## ##........#.##
#.. #..# ##......#.## ##.
##.## ##....#.## ## #...#
##.##.## # #...## ###.## #


You could see a meliai.

Vanquished Creatures
  A meliai (D:7)
  Joseph (D:7)
  A water moccasin (D:7)
  A sky beast (D:6)
  An orc warrior (D:7)
  An ice beast (D:7)
  2 black bears
  A phantom (D:6)
  A centaur (D:5)
  A bullfrog (D:6)
  A gnoll sergeant (D:5)
  2 scorpions
  A wight (D:6)
  A killer bee (D:7)
  2 howler monkeys (D:6)
  2 bombardier beetles (D:5)
  2 hounds
  2 orc priests
  2 jellies
  2 gnoll boudas
  5 iguanas
  6 orc wizards
  Robin (D:2)
  12 gnolls
  10 adders
  2 white imps (D:6)
  4 dart slugs
  2 ribbon worms
  8 orcs
  A ball python (D:4)
  7 bats
  5 endoplasms
  5 giant cockroaches
  11 goblins
  8 hobgoblins
  3 quokkas
  5 kobolds
  2 rats (D:1)
125 creatures vanquished.

Vanquished Creatures (collateral kills)
  Maggie (D:7)
  A wight (D:6)
  A killer bee (D:7)
  2 howler monkeys (D:7)
  2 goblins (D:2)
  3 hobgoblins (D:2)
  A rat (D:1)
11 creatures vanquished.

Vanquished Creatures (others)
  A black bear (D:7)
  A wight (D:6)
  4 killer bees (D:7)
  An iguana (D:6)
  An orc wizard (D:6)
  A goblin (D:2)
  3 kobolds
12 creatures vanquished.

Grand Total: 148 creatures vanquished

Notes
Turn   | Place    | Note
-------+----------+-------------------------------------------
     0 | D:1      | Armakuni the Human Artificer began the quest for the Orb.
     0 | D:1      | Reached XP level 1. HP: 15/15 MP: 1/1
    87 | D:1      | Reached skill level 1 in Maces & Flails
   116 | D:1      | Reached XP level 2. HP: 15/21 MP: 2/2
   186 | D:1      | Found a faded altar of an unknown god.
   422 | D:1      | Reached XP level 3. HP: 26/26 MP: 3/3
   758 | D:2      | Identified the +1 leather armour of Lochoadgh {rF+ rC+}
   791 | D:2      | Noticed Robin
   833 | D:2      | Killed Robin
   873 | D:2      | Reached skill level 4 in Evocations
   939 | D:2      | Reached XP level 4. HP: 30/32 MP: 4/4
  1905 | D:3      | Noticed Sigmund
  2065 | D:4      | Reached skill level 5 in Evocations
  2065 | D:4      | Reached XP level 5. HP: 28/37 MP: 5/5
  2428 | D:4      | You fall into a shaft and drop 3 floors!
  2546 | D:7      | Noticed a black bear
  2558 | D:7      | Noticed an ice beast
  2569 | D:7      | Reached skill level 1 in Staves
  2581 | D:7      | Killed an ice beast
  2582 | D:7      | Reached XP level 6. HP: 27/43 MP: 6/6
  2585 | D:7      | Reached skill level 6 in Evocations
  2631 | D:7      | Noticed Maggie
  2664 | D:7      | Killed Maggie
  2665 | D:7      | Reached skill level 7 in Evocations
  2665 | D:7      | Reached XP level 7. HP: 42/48 MP: 7/7
  2880 | D:6      | Reached XP level 8. HP: 51/54 MP: 8/8
  2885 | D:6      | Reached skill level 5 in Staves
  2991 | D:6      | Found a staircase to the Ecumenical Temple.
  3007 | Temple   | Entered the Ecumenical Temple
  3014 | Temple   | Became a worshipper of Elyvilon the Healer
  3112 | D:5      | Entered Level 5 of the Dungeon
  3174 | D:5      | Reached skill level 8 in Evocations
  3298 | D:5      | Reached * piety under Elyvilon
  4360 | D:5      | Reached XP level 9. HP: 45/59 MP: 9/9
  4380 | D:5      | Reached skill level 9 in Evocations
  4435 | D:5      | Reached ** piety under Elyvilon
  5071 | D:7      | Noticed Joseph
  5083 | D:7      | Killed Joseph
  5508 | D:7      | Reached skill level 10 in Evocations
  5754 | D:8      | Noticed a meliai
  5755 | D:8      | Noticed a meliai
  5755 | D:8      | Noticed a meliai
  5759 | D:7      | Killed a meliai
  5760 | D:7      | Elyvilon protects you from harm!
  5761 | D:7      | Elyvilon protects you from harm!
  5762 | D:7      | HP: 1/59 [meliai/+0 hand axe (4)]
  5762 | D:7      | Slain by a meliai

Illustrated notes

Levels and vault maps discovered:
D:1:      dpeg_arrival_circle_labyrinth_c, layout_rooms,
          ebering_ecumenical_altar_box
D:2:      layout_loops_corners, serial_bayou_pond_b,
          chequers_serial_rivers_room_a, uniq_robin
D:3:      layout_rooms, hex_intersection, uniq_sigmund
D:4:      black_bear_nest_1, layout_loops_ring
D:5:      layout_cave_pools
D:6:      layout_basic, temple_hall, enter_ossuary_1,
          amcnicky_mini_rare_corridor_liquid
D:7:      layout_cave_pods, serial_bayou_pond_e, nrook_uturn, chequers_avenue,
          uniq_maggie, uniq_joseph
D:8:      layout_loops_cross, nicolae_sif_muna_condensation,
          hellmonk_lair_entry_icy
Temple:   compressed_dpeg_triangle_lava_temple

Skill      XL: |  1  2  3  4  5  6  7  8  9 |
---------------+----------------------------+-----
Maces & Flails | 1 2 |  2.0
Evocations     | 4 5 7 8 10 | 10.0
Staves         | 2 4 6 9 |  9.5
Fighting       | |  1.0
Armour         | |  2.0
Dodging        | |  1.0
Stealth        | |  1.0

Action                     |  1- 3 |  4- 6 |  7- 9 || total
---------------------------+-------+-------+-------++-------
  Melee: Club              |    30 |       |       ||    30
         Whip              |    68 |    74 |    10 ||   152
         Lajatang          |       |     9 |   260 ||   269
Ability: Evoke Invisibilit |       |       |     2 ||     2
  Evoke: Wand              |    13 |     9 |    13 ||    35
    Use: Scroll            |       |     4 |     4 ||     8
         Potion            |       |       |     3 ||     3
   Stab: Sleeping          |     2 |     8 |     5 ||    15
         Distracted        |       |     2 |       ||     2
         Invisible         |       |       |     7 ||     7
 Armour: Leather armour    |    75 |    49 |   246 ||   370
  Dodge: Dodged            |    77 |    39 |   149 ||   265

Table legend: (Time is in decaauts)
 A = Elapsed time spent in this place.
 B = Non-inter-level travel time spent in this place.
 C = Inter-level travel time spent in this place.
 D = Time resting spent in this place.
 E = Time spent auto-exploring this place.
 F = Levels seen in this place.
 G = Mean time per level.
                   A        B        C        D        E       F      G
               +--------+--------+--------+--------+--------+-----+--------+
         Total |   5789 |   5490 |    299 |    251 |   3504 |   9 |  643.2 |
       Dungeon |   5774 |   5481 |    293 |    251 |   3504 |   8 |  721.8 |
        Temple |     14 |      8 |      6 |      0 |      0 |   1 |   14.0 |
               +--------+--------+--------+--------+--------+-----+--------+

Top non-repeatable levels by time:
     D:2: 1167 daAuts
     D:7: 1162 daAuts
     D:4: 1157 daAuts
     D:1: 756 daAuts
     D:6: 648 daAuts
     D:5: 491 daAuts
     D:3: 386 daAuts
  Temple: 14 daAuts
     D:8: 3 daAuts
